Inferno vs National
(R1)
Created - 19 janvier 2013 at 23:36
Goals
|
| Inferno |
2 |
0 |
3 |
1 |
6 |
| National |
1 |
2 |
2 |
0 |
5 |
|
Shots
|
| Inferno |
16 |
10 |
16 |
2 |
44 |
| National |
15 |
5 |
9 |
1 |
30 |
|
1st period
1. Inferno , Pierre-Luc Létourneau 3 (Vladimir Sobotka, Vladimir Zharkov) at 16:41
2. National , Cédric Lalonde-McNicoll 4 (Pasi Salonen, Dustin Kohn) at 16:57
3. Inferno , Stephane Veilleux 8 (Jonathan Ferland) at 17:48
Penalties :
Igor Makarov (Que) for Boarding (Minor) at 0:49, Rico Fata (Que) for Fighting (Major) at 6:24, Erik Johnson (Anc) for Fighting (Major) at 6:24, Stephane Veilleux (Anc) for Roughing (Minor) at 10:17, Yuri Alexandrov (Que) for Tripping (Minor) at 14:18, Cédric Lalonde-McNicoll (Que) for Holding (Minor) at 17:52
2nd period
4. National , Igor Makarov 5 (Nick Schultz) at 12:18
5. National , Nick Schultz 5 (Rico Fata, William Colbert) at 16:02 (PP)
Penalties :
Brendan Smith (Anc) for Boarding (Minor) at 2:38, Erik Johnson (Anc) for Tripping (Minor) at 12:55, Jay Pandolfo (Anc) for High sticking (Minor) at 15:46, Erik Johnson (Anc) for Hooking (Minor) at 18:13
3rd period
6. National , Nick Schultz 6 (William Colbert, Steve Shields) at 2:20 (PP)
7. Inferno , Brad Marchand 12 (Mikhail Grabovski) at 3:34 (PP)
8. National , Cédric Lalonde-McNicoll 5 (Jonathan Cheechoo, Pasi Salonen) at 5:28
9. Inferno , Brad Marchand 13 (Matt Carkner) at 18:52
10. Inferno , Matt Carkner 2 (Erik Johnson, Jay Pandolfo) at 19:49
Penalties :
Brian Boyle (Anc) for Hooking (Minor) at 1:39, William Colbert (Que) for High sticking (Minor) at 3:20, Guillaume Desbiens (Que) for Cross-checking (Minor) at 6:21, Brad Marchand (Anc) for Hooking (Minor) at 15:16
Overtime #1
11. Inferno , Matt Carkner 3 (Brian Boyle, Stephane Veilleux) at 4:58
Penalties :
No Penalty
Goalie Stats
Josh Harding (Anc), 25 saves from 30 shots - (0,833), W, 8-8-3, 64:09 minutes
Steve Shields (Que), 38 saves from 44 shots - (0,864), OTL, 6-11-3, 64:58 minutes
Players Stats for Inferno
Player Name G A P +/- PIM S H SB GA TA FO MP PP MP PK MP
------------------------------------------------------------------------------------
Andrej Sekera 0 0 0 0 0 2 5 1 0 0 0/0 25:40 3:28 5:02
Brad Marchand 2 0 2 1 2 4 1 1 0 0 1/2 15:33 4:16 1:15
Branko Radivojevic 0 0 0 -2 0 1 2 0 0 0 0/1 19:03 4:16 0:00
Brendan Mikkelson 0 0 0 1 0 1 2 0 0 0 0/0 9:23 0:00 0:00
Brendan Smith 0 0 0 1 2 4 3 1 0 0 0/0 12:51 0:00 1:36
Brett Carson 0 0 0 0 0 0 3 2 0 1 0/0 25:26 3:28 4:24
Brian Boyle 0 1 1 2 2 2 1 1 0 0 8/15 18:32 0:00 5:58
Erik Johnson 0 1 1 1 9 1 2 2 0 0 0/0 26:52 4:42 3:54
Jay Pandolfo 0 1 1 -2 2 2 3 2 2 0 0/1 25:24 3:42 6:20
Jonathan Ferland 0 1 1 1 0 3 1 1 0 0 1/1 17:28 3:44 2:52
Jozef Balej 0 0 0 1 0 2 0 0 0 0 0/0 8:26 0:10 0:00
Matt Carkner 2 1 3 1 0 6 5 1 0 0 0/0 31:09 4:42 6:57
Mikhail Grabovski 0 1 1 -2 0 4 3 0 1 0 18/35 20:21 4:16 0:46
Petri Kontiola 0 0 0 1 0 4 0 0 0 0 2/6 11:36 3:42 0:00
Pierre-Luc Létourneau 1 0 1 1 0 3 2 0 0 0 0/0 8:17 0:12 0:00
Stephane Veilleux 1 1 2 2 2 2 1 0 0 0 0/1 14:36 0:12 1:41
Vladimir Sobotka 0 1 1 1 0 3 0 0 1 1 6/8 10:38 0:00 2:52
Vladimir Zharkov 0 1 1 1 0 0 1 0 0 0 0/0 7:46 0:00 0:00
Players Stats for National
Player Name G A P +/- PIM S H SB GA TA FO MP PP MP PK MP
------------------------------------------------------------------------------------
Alex Grant 0 0 0 0 0 0 0 0 0 0 0/0 0:00 0:00 0:00
Ben Maxwell 0 0 0 -1 0 1 1 0 0 0 8/12 16:44 4:25 0:22
Cédric Lalonde-McNicoll 2 0 2 1 2 3 2 1 1 1 12/27 19:38 6:27 0:00
Daniel Rahimi 0 0 0 0 0 0 1 0 0 0 0/0 3:26 0:00 0:00
Dustin Kohn 0 1 1 -1 0 0 1 1 0 0 0/0 22:28 4:34 3:07
Erik Gustafsson 0 0 0 -1 0 0 0 0 0 0 0/0 8:50 0:00 0:14
Guillaume Desbiens 0 0 0 -1 2 0 1 0 0 0 0/2 19:39 4:25 2:06
Igor Makarov 1 0 1 -1 2 1 1 1 0 0 1/1 13:25 0:37 0:00
James Marcou 0 0 0 0 0 0 0 0 0 0 0/0 8:00 0:00 1:27
Jonathan Cheechoo 0 1 1 1 0 7 0 2 0 1 1/3 23:46 6:27 2:45
Maksim Mayorov 0 0 0 -1 0 0 2 0 0 0 1/1 11:41 0:00 0:39
Mathieu Carle 0 0 0 -1 0 0 3 1 0 0 0/0 22:28 4:34 3:07
Nick Schultz 2 1 3 0 0 4 1 1 1 0 0/0 30:28 6:18 5:03
Pasi Salonen 0 2 2 0 0 7 2 1 0 2 7/11 29:50 6:15 4:34
Peter Leblanc 0 0 0 0 0 0 0 0 0 0 0/2 5:16 0:00 0:00
Philip DeSimone 0 0 0 -1 0 1 0 0 0 0 3/9 12:10 0:16 0:00
Rico Fata 0 1 1 -2 5 2 2 0 0 0 1/2 21:15 3:44 4:27
Ty Wishart 0 0 0 -1 0 0 0 1 0 0 0/0 8:36 0:00 0:00
William Colbert 0 2 2 0 2 4 1 5 0 0 0/0 30:13 6:18 4:49
Yuri Alexandrov 0 0 0 0 2 0 0 0 0 0 0/0 3:43 0:00 0:00
3 Stars
1 - Matt Carkner (Anc)
2 - Nick Schultz (Que)
3 - Cédric Lalonde-McNicoll (Que)
Power Play
Inferno - 1 on 5 Attempt(s) - 20,00%
National - 2 on 7 Attempt(s) - 28,57%
Penalty Kill
Inferno - 5 on 7 Attempt(s) - 71,43%
- Score 0 goal in Penalty Kill
National - 4 on 5 Attempt(s) - 80,00%
- Score 0 goal in Penalty Kill
Official
Referees : L'Ecuyer Frederick and Hasenfratz Mike
Linesman : Andy McElman and Jonny Murray
Game Notes
Rico Fata and Erik Johnson fight to a draw at 6:24 of 1st period
12:52 of 3rd period - Inferno goal is going for a video replay. After video review, No Goal. The puck has been directed, batted or thrown into the net by an attacking player other than with a stick.
Inferno
5 vs 5 Forward
Center Left Wing Right Wing Time % Phy DF OF
1 Mikhail Grabovski Jay Pandolfo Branko Radivojevic 40 1 2 2
2 Brian Boyle Stephane Veilleux Jonathan Ferland 30 1 2 2
3 Petri Kontiola Brad Marchand Jozef Balej 20 1 2 2
4 Vladimir Sobotka Pierre-Luc Létourneau Vladimir Zharkov 10 1 2 2
5 vs 5 Defense
Defense Defense Time % Phy DF OF
1 Matt Carkner Erik Johnson 40 1 3 1
2 Andrej Sekera Brett Carson 30 1 3 1
3 Brendan Mikkelson Brendan Smith 20 1 3 1
4 Andrej Sekera Erik Johnson 10 1 3 1
PowerPlay Forward
Center Left Wing Right Wing Time % Phy DF OF
1 Mikhail Grabovski Brad Marchand Branko Radivojevic 60 1 1 3
2 Petri Kontiola Jay Pandolfo Jonathan Ferland 40 1 1 3
PowerPlay Defense
Defense Defense Time % Phy DF OF
1 Matt Carkner Erik Johnson 60 1 2 2
2 Andrej Sekera Brett Carson 40 1 2 2
Penalty Kill 4 Players Forward
Center Wing Time % Phy DF OF
1 Brian Boyle Jay Pandolfo 60 1 3 1
2 Vladimir Sobotka Jonathan Ferland 40 2 3 0
Penalty Kill 4 Players Defense
Defense Defense Time % Phy DF OF
1 Matt Carkner Erik Johnson 60 1 3 1
2 Andrej Sekera Brett Carson 40 1 3 1
Penalty Kill - 3 Players Forward
Forward Time % Phy DF OF
1 Brian Boyle 60 1 3 1
2 Vladimir Sobotka 40 1 3 1
Penalty Kill - 3 Players Defense
Defense Defense Time % Phy DF OF
1 Matt Carkner Erik Johnson 60 1 3 1
2 Andrej Sekera Brett Carson 40 1 3 1
4 vs 4 Forward
Center Wing Time % Phy DF OF
1 Mikhail Grabovski Branko Radivojevic 60 1 2 2
2 Brian Boyle Stephane Veilleux 40 1 2 2
4 vs 4 Defense
Defense Defense Time % Phy DF OF
1 Matt Carkner Erik Johnson 60 1 2 2
2 Andrej Sekera Brett Carson 40 1 2 2
Last Minutes Offensive
Center Left Wing Right Wing Defense Defense
Mikhail Grabovski Jay Pandolfo Branko Radivojevic Matt Carkner Erik Johnson
Last Minutes Defensive
Center Left Wing Right Wing Defense Defense
Mikhail Grabovski Jay Pandolfo Branko Radivojevic Matt Carkner Erik Johnson
Goaltenders
Starting : Josh Harding
Backup : Jonathan Boutin
Extra Forwards
Normal : Jonathan Ferland, Stephane Veilleux, Jay Pandolfo - PP : Stephane Veilleux, Jay Pandolfo - PK : Stephane Veilleux
Extra Defensemen
Normal : Andrej Sekera, Matt Carkner, Brett Carson - PP : Brendan Smith - PK : Andrej Sekera, Brett Carson
Penalty Shots
Mikhail Grabovski, Branko Radivojevic, Brad Marchand, Jay Pandolfo, Jonathan Ferland
National
5 vs 5 Forward
Center Left Wing Right Wing Time % Phy DF OF
1 Cédric Lalonde-McNicoll Pasi Salonen Jonathan Cheechoo 40 1 2 2
2 Ben Maxwell Rico Fata Guillaume Desbiens 30 1 2 2
3 Philip DeSimone Maksim Mayorov Igor Makarov 20 1 2 2
4 Peter Leblanc Pasi Salonen James Marcou 10 1 2 2
5 vs 5 Defense
Defense Defense Time % Phy DF OF
1 Nick Schultz William Colbert 40 1 2 2
2 Mathieu Carle Dustin Kohn 30 1 2 2
3 Ty Wishart Erik Gustafsson 20 1 2 2
4 Daniel Rahimi Yuri Alexandrov 10 1 2 2
PowerPlay Forward
Center Left Wing Right Wing Time % Phy DF OF
1 Cédric Lalonde-McNicoll Pasi Salonen Jonathan Cheechoo 60 1 2 2
2 Ben Maxwell Rico Fata Guillaume Desbiens 40 1 2 2
PowerPlay Defense
Defense Defense Time % Phy DF OF
1 Nick Schultz William Colbert 60 1 2 2
2 Mathieu Carle Dustin Kohn 40 1 2 2
Penalty Kill 4 Players Forward
Center Wing Time % Phy DF OF
1 Pasi Salonen Rico Fata 60 1 2 2
2 Jonathan Cheechoo Guillaume Desbiens 40 1 2 2
Penalty Kill 4 Players Defense
Defense Defense Time % Phy DF OF
1 Nick Schultz William Colbert 60 1 2 2
2 Mathieu Carle Dustin Kohn 40 1 2 2
Penalty Kill - 3 Players Forward
Forward Time % Phy DF OF
1 Pasi Salonen 60 1 2 2
2 Rico Fata 40 1 2 2
Penalty Kill - 3 Players Defense
Defense Defense Time % Phy DF OF
1 Nick Schultz William Colbert 60 1 2 2
2 Mathieu Carle Dustin Kohn 40 1 2 2
4 vs 4 Forward
Center Wing Time % Phy DF OF
1 Pasi Salonen Rico Fata 60 1 2 2
2 Jonathan Cheechoo Guillaume Desbiens 40 1 2 2
4 vs 4 Defense
Defense Defense Time % Phy DF OF
1 Nick Schultz William Colbert 60 1 2 2
2 Mathieu Carle Dustin Kohn 40 1 2 2
Last Minutes Offensive
Center Left Wing Right Wing Defense Defense
Cédric Lalonde-McNicoll Pasi Salonen Jonathan Cheechoo Nick Schultz William Colbert
Last Minutes Defensive
Center Left Wing Right Wing Defense Defense
Cédric Lalonde-McNicoll Pasi Salonen Jonathan Cheechoo Nick Schultz William Colbert
Goaltenders
Starting : Steve Shields
Backup : Jeff Frazee
Extra Forwards
Normal : Igor Makarov, Philip DeSimone, James Marcou - PP : Igor Makarov, Philip DeSimone - PK : James Marcou
Extra Defensemen
Normal : Ty Wishart, Erik Gustafsson, Daniel Rahimi - PP : Ty Wishart - PK : Erik Gustafsson, Daniel Rahimi
Penalty Shots
Pasi Salonen, Rico Fata, Jonathan Cheechoo, Guillaume Desbiens, Igor Makarov
% Time on Ice - Inferno
Lines # - Real PCT - Wanted PCT - Time Play
Normal Forward
1 - 35% - 40% - 13:55
2 - 26% - 30% - 10:26
3 - 20% - 20% - 7:54
4 - 19% - 10% - 7:46
Normal Defense
1 - 44% - 40% - 17:25
2 - 35% - 30% - 14:04
3 - 19% - 20% - 7:46
4 - 2% - 10% - 0:46
PP Forward
1 - 54% - 60% - 4:26
2 - 46% - 40% - 3:44
PP Defense
1 - 58% - 60% - 4:42
2 - 42% - 40% - 3:28
PK Forward
1 - 74% - 60% - 8:00
2 - 26% - 40% - 2:52
PK Defense
1 - 79% - 60% - 8:33
2 - 21% - 40% - 2:19
PK3 Forward
1 - 0% - 60%
2 - 0% - 40%
PK3 Defense
1 - 0% - 60%
2 - 0% - 40%
44 Forward
1 - 80% - 60% - 3:57
2 - 20% - 40% - 1:01
44 Defense
1 - 65% - 60% - 3:15
2 - 35% - 40% - 1:43
Last Minute Offensive - 0:57
Last Minute Defensive - 0:00
Total
Forward - 64:58
Defense - 64:58
|
% Time on Ice - National
Lines # - Real PCT - Wanted PCT - Time Play
Normal Forward
1 - 32% - 40% - 12:48
2 - 29% - 30% - 11:40
3 - 26% - 20% - 10:17
4 - 13% - 10% - 5:16
Normal Defense
1 - 40% - 40% - 15:51
2 - 33% - 30% - 13:03
3 - 19% - 20% - 7:41
4 - 9% - 10% - 3:26
PP Forward
1 - 59% - 60% - 6:27
2 - 41% - 40% - 4:25
PP Defense
1 - 58% - 60% - 6:18
2 - 42% - 40% - 4:34
PK Forward
1 - 66% - 60% - 5:25
2 - 34% - 40% - 2:45
PK Defense
1 - 62% - 60% - 5:03
2 - 38% - 40% - 3:07
PK3 Forward
1 - 0% - 60%
2 - 0% - 40%
PK3 Defense
1 - 0% - 60%
2 - 0% - 40%
44 Forward
1 - 74% - 60% - 3:42
2 - 26% - 40% - 1:16
44 Defense
1 - 61% - 60% - 3:03
2 - 39% - 40% - 1:55
Last Minute Offensive - 0:00
Last Minute Defensive - 0:57
Total
Forward - 64:58
Defense - 64:58
|
Play by Play
1st period
0:01 of 1st period - Mikhail Grabovski wins face-off versus Cédric Lalonde-McNicoll in neutral zone.
0:48 of 1st period - Snap shot by Jozef Balej.
0:48 of 1st period - Stopped by Steve Shields without a rebound.
0:49 of 1st period - Vladimir Sobotka wins face-off versus Philip DeSimone in National zone.
0:49 of 1st period - Minor Penalty to Igor Makarov for Boarding.
0:50 of 1st period - Pasi Salonen wins face-off versus Mikhail Grabovski in National zone.
1:21 of 1st period - Snap shot by Jonathan Ferland.
1:21 of 1st period - Stopped by Steve Shields with a rebound.
2:11 of 1st period - Mathieu Carle is hit by Jonathan Ferland and loses puck.
2:49 of 1st period - Penalty to Igor Makarov is over, Igor Makarov is back on ice.
3:01 of 1st period - Off-side.
3:02 of 1st period - Philip DeSimone wins face-off versus Vladimir Sobotka in neutral zone.
3:05 of 1st period - Brendan Smith is hit by Maksim Mayorov and loses puck.
3:26 of 1st period - Wrist shot by Pierre-Luc Létourneau.
3:26 of 1st period - Stopped by Steve Shields with a rebound.
3:28 of 1st period - Slapshot by Brendan Smith.
3:28 of 1st period - Deflect By Vladimir Sobotka.
3:28 of 1st period - Stopped by Steve Shields with a rebound.
4:04 of 1st period - Snap shot by Vladimir Zharkov.
4:04 of 1st period - Shot Blocked by Igor Makarov.
4:06 of 1st period - Snap shot by Brendan Smith.
4:06 of 1st period - Deflect By Igor Makarov.
4:06 of 1st period - Stopped by Steve Shields with a rebound.
4:08 of 1st period - Wrist shot by Brendan Smith.
4:08 of 1st period - Stopped by Steve Shields without a rebound.
4:09 of 1st period - Mikhail Grabovski wins face-off versus Cédric Lalonde-McNicoll in National zone.
4:10 of 1st period - Snap shot by Branko Radivojevic.
4:10 of 1st period - Shot Blocked by Mathieu Carle.
4:12 of 1st period - Slapshot by Erik Johnson.
4:12 of 1st period - Deflect By Branko Radivojevic.
4:12 of 1st period - Shot Misses the Net.
4:12 of 1st period - Puck is out of play.
4:13 of 1st period - Mikhail Grabovski wins face-off versus Cédric Lalonde-McNicoll in National zone.
4:58 of 1st period - Wrist shot by Jonathan Ferland.
4:58 of 1st period - Shot Misses the Net.
5:16 of 1st period - Erik Johnson is hit by Guillaume Desbiens.
5:23 of 1st period - Icing by Branko Radivojevic.
5:24 of 1st period - Cédric Lalonde-McNicoll wins face-off versus Mikhail Grabovski in Inferno zone.
5:25 of 1st period - Snap shot by Jonathan Cheechoo.
5:25 of 1st period - Stopped by Josh Harding without a rebound.
5:26 of 1st period - Jonathan Cheechoo wins face-off versus Mikhail Grabovski in Inferno zone.
5:29 of 1st period - Snap shot by Jonathan Cheechoo.
5:29 of 1st period - Stopped by Josh Harding with a rebound.
5:31 of 1st period - Wrist shot by Pasi Salonen.
5:31 of 1st period - Stopped by Josh Harding with a rebound.
5:37 of 1st period - Wrist shot by Jonathan Cheechoo.
5:37 of 1st period - Stopped by Josh Harding without a rebound.
5:38 of 1st period - Ben Maxwell wins face-off versus Mikhail Grabovski in Inferno zone.
6:07 of 1st period - Wrist shot by Jonathan Cheechoo.
6:07 of 1st period - Shot Misses the Net.
6:09 of 1st period - Wrist shot by Pasi Salonen.
6:09 of 1st period - Shot Blocked by Jonathan Ferland.
6:11 of 1st period - Slapshot by Pasi Salonen.
6:11 of 1st period - Deflect By Jonathan Cheechoo.
6:11 of 1st period - Stopped by Josh Harding with a rebound.
6:13 of 1st period - Snap shot by Pasi Salonen.
6:13 of 1st period - Stopped by Josh Harding without a rebound.
6:14 of 1st period - Ben Maxwell wins face-off versus Mikhail Grabovski in Inferno zone.
6:15 of 1st period - Wrist shot by Rico Fata.
6:15 of 1st period - Stopped by Josh Harding with a rebound.
6:17 of 1st period - Snap shot by Nick Schultz.
6:17 of 1st period - Shot Blocked by Jay Pandolfo.
6:19 of 1st period - Slapshot by Nick Schultz.
6:19 of 1st period - Shot Blocked by Erik Johnson.
6:21 of 1st period - Slapshot by William Colbert.
6:21 of 1st period - Shot Blocked by Jay Pandolfo.
6:23 of 1st period - Slapshot by William Colbert.
6:23 of 1st period - Stopped by Josh Harding without a rebound.
6:24 of 1st period - Rico Fata wins face-off versus Mikhail Grabovski in Inferno zone.
6:24 of 1st period - Rico Fata and Erik Johnson fight to a draw.
6:24 of 1st period - Penalty to Rico Fata for Fighting.
6:24 of 1st period - Penalty to Erik Johnson for Fighting.
6:25 of 1st period - Cédric Lalonde-McNicoll wins face-off versus Brian Boyle in Inferno zone.
6:32 of 1st period - Snap shot by Pasi Salonen.
6:32 of 1st period - Stopped by Josh Harding with a rebound.
6:34 of 1st period - Snap shot by William Colbert.
6:34 of 1st period - Stopped by Josh Harding with a rebound.
6:36 of 1st period - Slapshot by William Colbert.
6:36 of 1st period - Stopped by Josh Harding with a rebound.
6:38 of 1st period - Slapshot by William Colbert.
6:38 of 1st period - Shot Misses the Net.
6:40 of 1st period - Snap shot by Pasi Salonen.
6:40 of 1st period - Stopped by Josh Harding without a rebound.
6:41 of 1st period - Ben Maxwell wins face-off versus Mikhail Grabovski in Inferno zone.
7:31 of 1st period - Mathieu Carle is hit by Stephane Veilleux and loses puck.
7:56 of 1st period - Dustin Kohn is hit by Branko Radivojevic and loses puck.
8:57 of 1st period - William Colbert is hit by Brett Carson.
9:01 of 1st period - Igor Makarov is hit by Vladimir Zharkov.
9:07 of 1st period - Igor Makarov is hit by Brendan Smith and loses puck.
9:45 of 1st period - Jonathan Cheechoo is hit by Branko Radivojevic and loses puck.
9:52 of 1st period - Snap shot by Mikhail Grabovski.
9:52 of 1st period - Stopped by Steve Shields with a rebound.
10:17 of 1st period - Minor Penalty to Stephane Veilleux for Roughing.
10:18 of 1st period - Cédric Lalonde-McNicoll wins face-off versus Brian Boyle in Inferno zone.
10:27 of 1st period - Snap shot by Pasi Salonen.
10:27 of 1st period - Stopped by Josh Harding with a rebound.
10:29 of 1st period - Slapshot by Cédric Lalonde-McNicoll.
10:29 of 1st period - Shot Misses the Net.
11:24 of 1st period - Penalty to Erik Johnson is over, Erik Johnson is back on ice.
12:17 of 1st period - Penalty to Stephane Veilleux is over, Stephane Veilleux is back on ice.
12:26 of 1st period - Stephane Veilleux is hit by Mathieu Carle and loses puck.
12:39 of 1st period - Snap shot by Brad Marchand.
12:39 of 1st period - Deflect By Petri Kontiola.
12:39 of 1st period - Shot Blocked by Dustin Kohn.
12:39 of 1st period - Puck is out of play.
12:40 of 1st period - Philip DeSimone wins face-off versus Petri Kontiola in National zone.
12:40 of 1st period - Philip DeSimone is hit by Brendan Smith.
13:04 of 1st period - Erik Gustafsson is hit by Pierre-Luc Létourneau and loses puck.
13:38 of 1st period - Backhand shot by Philip DeSimone.
13:38 of 1st period - Stopped by Josh Harding with a rebound.
13:44 of 1st period - Brian Boyle is hit by Daniel Rahimi and loses puck.
14:18 of 1st period - Minor Penalty to Yuri Alexandrov for Tripping.
14:19 of 1st period - Mikhail Grabovski wins face-off versus Pasi Salonen in National zone.
15:08 of 1st period - Andrej Sekera is hit by Rico Fata and loses puck.
16:18 of 1st period - Penalty to Yuri Alexandrov is over, Yuri Alexandrov is back on ice.
16:18 of 1st period - William Colbert is hit by Pierre-Luc Létourneau and loses puck.
16:33 of 1st period - Snap shot by Vladimir Zharkov.
16:33 of 1st period - Shot Blocked by William Colbert.
16:35 of 1st period - Slapshot by Brendan Mikkelson.
16:35 of 1st period - Stopped by Steve Shields without a rebound.
16:36 of 1st period - Vladimir Sobotka wins face-off versus Philip DeSimone in National zone.
16:39 of 1st period - Wrist shot by Vladimir Sobotka.
16:39 of 1st period - Shot Misses the Net.
16:41 of 1st period - Snap shot by Pierre-Luc Létourneau.
16:41 of 1st period - Goal by Pierre-Luc Létourneau - Inferno : 1 - National : 0.
16:42 of 1st period - Cédric Lalonde-McNicoll wins face-off versus Mikhail Grabovski in neutral zone.
16:55 of 1st period - Slapshot by Pasi Salonen.
16:55 of 1st period - Shot Misses the Net.
16:57 of 1st period - Snap shot by Cédric Lalonde-McNicoll.
16:57 of 1st period - Goal by Cédric Lalonde-McNicoll - Inferno : 1 - National : 1.
16:58 of 1st period - Cédric Lalonde-McNicoll wins face-off versus Mikhail Grabovski in neutral zone.
17:48 of 1st period - Wrist shot by Stephane Veilleux.
17:48 of 1st period - Goal by Stephane Veilleux - Inferno : 2 - National : 1.
17:49 of 1st period - Mikhail Grabovski wins face-off versus Cédric Lalonde-McNicoll in neutral zone.
17:52 of 1st period - Wrist shot by Jay Pandolfo.
17:52 of 1st period - Deflect By Mikhail Grabovski.
17:52 of 1st period - Stopped by Steve Shields without a rebound.
17:52 of 1st period - Minor Penalty to Cédric Lalonde-McNicoll for Holding.
17:53 of 1st period - Mikhail Grabovski wins face-off versus Pasi Salonen in National zone.
18:00 of 1st period - Snap shot by Brad Marchand.
18:00 of 1st period - Deflect By Branko Radivojevic.
18:00 of 1st period - Shot Misses the Net.
18:00 of 1st period - Puck is out of play.
18:01 of 1st period - Pasi Salonen wins face-off versus Brad Marchand in National zone.
18:32 of 1st period - Snap shot by Jonathan Ferland.
18:32 of 1st period - Stopped by Steve Shields with a rebound.
18:34 of 1st period - Snap shot by Petri Kontiola.
18:34 of 1st period - Stopped by Steve Shields with a rebound.
18:36 of 1st period - Slapshot by Matt Carkner.
18:36 of 1st period - Stopped by Steve Shields without a rebound.
18:37 of 1st period - Mikhail Grabovski wins face-off versus Jonathan Cheechoo in National zone.
18:40 of 1st period - Snap shot by Branko Radivojevic.
18:40 of 1st period - Stopped by Steve Shields without a rebound.
18:41 of 1st period - Pasi Salonen wins face-off versus Mikhail Grabovski in National zone.
18:41 of 1st period - Pasi Salonen is hit by Mikhail Grabovski.
19:52 of 1st period - Penalty to Cédric Lalonde-McNicoll is over, Cédric Lalonde-McNicoll is back on ice.
19:57 of 1st period - Snap shot by Vladimir Sobotka.
19:57 of 1st period - Stopped by Steve Shields with a rebound.
2nd period
0:01 of 2nd period - Mikhail Grabovski wins face-off versus Cédric Lalonde-McNicoll in neutral zone.
0:12 of 2nd period - Wrist shot by Jay Pandolfo.
0:12 of 2nd period - Shot Blocked by Pasi Salonen.
0:18 of 2nd period - Mikhail Grabovski is hit by Nick Schultz and loses puck.
1:14 of 2nd period - Off-side.
1:15 of 2nd period - Petri Kontiola wins face-off versus Peter Leblanc in neutral zone.
1:20 of 2nd period - Snap shot by Petri Kontiola.
1:20 of 2nd period - Stopped by Steve Shields with a rebound.
1:32 of 2nd period - Slapshot by Petri Kontiola.
1:32 of 2nd period - Stopped by Steve Shields without a rebound.
1:33 of 2nd period - Ben Maxwell wins face-off versus Mikhail Grabovski in National zone.
1:33 of 2nd period - Ben Maxwell is hit by Andrej Sekera.
1:47 of 2nd period - Wrist shot by Guillaume Desbiens.
1:47 of 2nd period - Shot Misses the Net.
1:49 of 2nd period - Slapshot by Nick Schultz.
1:49 of 2nd period - Shot Blocked by Andrej Sekera.
1:59 of 2nd period - Nick Schultz is hit by Andrej Sekera.
2:21 of 2nd period - Wrist shot by Jozef Balej.
2:21 of 2nd period - Deflect By Mathieu Carle.
2:21 of 2nd period - Stopped by Steve Shields with a rebound.
2:38 of 2nd period - Minor Penalty to Brendan Smith for Boarding.
2:39 of 2nd period - Cédric Lalonde-McNicoll wins face-off versus Brian Boyle in Inferno zone.
3:05 of 2nd period - Matt Carkner is hit by Ben Maxwell.
4:38 of 2nd period - Penalty to Brendan Smith is over, Brendan Smith is back on ice.
5:07 of 2nd period - Slapshot by Erik Johnson.
5:07 of 2nd period - Stopped by Steve Shields with a rebound.
5:23 of 2nd period - Snap shot by Brian Boyle.
5:23 of 2nd period - Shot Misses the Net.
5:25 of 2nd period - Wrist shot by Matt Carkner.
5:25 of 2nd period - Deflect By Pasi Salonen.
5:25 of 2nd period - Stopped by Steve Shields without a rebound.
5:26 of 2nd period - Brad Marchand wins face-off versus Philip DeSimone in National zone.
5:41 of 2nd period - Igor Makarov is hit by Andrej Sekera and loses puck.
6:32 of 2nd period - Igor Makarov is hit by Brendan Smith and loses puck.
6:39 of 2nd period - Brendan Smith is hit by Mathieu Carle and loses puck.
7:33 of 2nd period - Mathieu Carle is hit by Matt Carkner and loses puck.
7:48 of 2nd period - Wrist shot by Mathieu Carle.
7:48 of 2nd period - Deflect By Philip DeSimone.
7:48 of 2nd period - Shot Misses the Net.
7:48 of 2nd period - Puck is out of play.
7:49 of 2nd period - Brian Boyle wins face-off versus Philip DeSimone in Inferno zone.
8:42 of 2nd period - Rico Fata is hit by Brett Carson and loses puck.
8:51 of 2nd period - Snap shot by Vladimir Zharkov.
8:51 of 2nd period - Shot Misses the Net.
8:53 of 2nd period - Slapshot by Andrej Sekera.
8:53 of 2nd period - Stopped by Steve Shields without a rebound.
8:54 of 2nd period - Philip DeSimone wins face-off versus Mikhail Grabovski in National zone.
8:54 of 2nd period - Philip DeSimone is hit by Jay Pandolfo.
9:01 of 2nd period - Nick Schultz is hit by Mikhail Grabovski and loses puck.
9:45 of 2nd period - Snap shot by Jozef Balej.
9:45 of 2nd period - Shot Misses the Net.
9:47 of 2nd period - Slapshot by Brendan Mikkelson.
9:47 of 2nd period - Shot Misses the Net.
9:49 of 2nd period - Slapshot by Brendan Smith.
9:49 of 2nd period - Stopped by Steve Shields without a rebound.
9:50 of 2nd period - Mikhail Grabovski wins face-off versus Rico Fata in National zone.
10:31 of 2nd period - Petri Kontiola is hit by Pasi Salonen and loses puck.
11:08 of 2nd period - Brian Boyle is hit by Dustin Kohn and loses puck.
11:17 of 2nd period - Pasi Salonen is hit by Andrej Sekera and loses puck.
11:50 of 2nd period - Snap shot by Stephane Veilleux.
11:50 of 2nd period - Shot Misses the Net.
11:52 of 2nd period - Slapshot by Andrej Sekera.
11:52 of 2nd period - Stopped by Steve Shields without a rebound.
11:53 of 2nd period - Mikhail Grabovski wins face-off versus Ben Maxwell in National zone.
12:07 of 2nd period - Off-side.
12:08 of 2nd period - Mikhail Grabovski wins face-off versus Philip DeSimone in neutral zone.
12:18 of 2nd period - Backhand shot by Igor Makarov.
12:18 of 2nd period - Deflect By Mikhail Grabovski.
12:18 of 2nd period - Goal by Igor Makarov - Inferno : 2 - National : 2.
12:19 of 2nd period - Mikhail Grabovski wins face-off versus Ben Maxwell in neutral zone.
12:55 of 2nd period - Minor Penalty to Erik Johnson for Tripping.
12:56 of 2nd period - Brian Boyle wins face-off versus Cédric Lalonde-McNicoll in Inferno zone.
12:56 of 2nd period - Brian Boyle is hit by Cédric Lalonde-McNicoll.
13:12 of 2nd period - Snap shot by Brian Boyle.
13:12 of 2nd period - Shot Misses the Net.
13:28 of 2nd period - Wrist shot by Nick Schultz.
13:28 of 2nd period - Deflect By Rico Fata.
13:28 of 2nd period - Shot Misses the Net.
13:28 of 2nd period - Puck is out of play.
13:29 of 2nd period - Ben Maxwell wins face-off versus Vladimir Sobotka in Inferno zone.
13:40 of 2nd period - Mathieu Carle is hit by Andrej Sekera and loses puck.
14:55 of 2nd period - Penalty to Erik Johnson is over, Erik Johnson is back on ice.
15:46 of 2nd period - Minor Penalty to Jay Pandolfo for High sticking.
15:47 of 2nd period - Brian Boyle wins face-off versus Ben Maxwell in Inferno zone.
16:02 of 2nd period - Slapshot by Nick Schultz.
16:02 of 2nd period - Goal by Nick Schultz - Inferno : 2 - National : 3.
16:03 of 2nd period - Mikhail Grabovski wins face-off versus Cédric Lalonde-McNicoll in neutral zone.
16:40 of 2nd period - Snap shot by Stephane Veilleux.
16:40 of 2nd period - Stopped by Steve Shields without a rebound.
16:41 of 2nd period - Petri Kontiola wins face-off versus Guillaume Desbiens in National zone.
16:52 of 2nd period - Wrist shot by Rico Fata.
16:52 of 2nd period - Shot Blocked by Brendan Smith.
16:54 of 2nd period - Wrist shot by Ben Maxwell.
16:54 of 2nd period - Stopped by Josh Harding with a rebound.
16:56 of 2nd period - Snap shot by Mathieu Carle.
16:56 of 2nd period - Shot Misses the Net.
17:11 of 2nd period - Wrist shot by Branko Radivojevic.
17:11 of 2nd period - Shot Blocked by Ty Wishart.
17:13 of 2nd period - Slapshot by Brendan Smith.
17:13 of 2nd period - Stopped by Steve Shields with a rebound.
17:35 of 2nd period - Snap shot by Igor Makarov.
17:35 of 2nd period - Shot Misses the Net.
17:37 of 2nd period - Snap shot by Igor Makarov.
17:37 of 2nd period - Shot Misses the Net.
18:13 of 2nd period - Minor Penalty to Erik Johnson for Hooking.
18:14 of 2nd period - Cédric Lalonde-McNicoll wins face-off versus Brian Boyle in Inferno zone.
18:17 of 2nd period - Wrist shot by Pasi Salonen.
18:17 of 2nd period - Deflect By Jonathan Cheechoo.
18:17 of 2nd period - Shot Misses the Net.
18:17 of 2nd period - Puck is out of play.
18:18 of 2nd period - Cédric Lalonde-McNicoll wins face-off versus Brian Boyle in Inferno zone.
18:19 of 2nd period - Slapshot by Nick Schultz.
18:19 of 2nd period - Shot Blocked by Brett Carson.
18:21 of 2nd period - Wrist shot by Cédric Lalonde-McNicoll.
18:21 of 2nd period - Shot Misses the Net.
18:23 of 2nd period - Wrist shot by Jonathan Cheechoo.
18:23 of 2nd period - Shot Hit the Post.
18:25 of 2nd period - Snap shot by Pasi Salonen.
18:25 of 2nd period - Stopped by Josh Harding with a rebound.
18:27 of 2nd period - Slapshot by Nick Schultz.
18:27 of 2nd period - Shot Misses the Net.
18:29 of 2nd period - Snap shot by Jonathan Cheechoo.
18:29 of 2nd period - Shot Blocked by Brett Carson.
18:31 of 2nd period - Slapshot by Nick Schultz.
18:31 of 2nd period - Shot Misses the Net.
18:33 of 2nd period - Slapshot by William Colbert.
18:33 of 2nd period - Stopped by Josh Harding with a rebound.
18:46 of 2nd period - Icing by William Colbert.
18:47 of 2nd period - Vladimir Sobotka wins face-off versus Guillaume Desbiens in National zone.
19:36 of 2nd period - Rico Fata is hit by Jay Pandolfo and loses puck.
3rd period
0:01 of 3rd period - Brian Boyle wins face-off versus Cédric Lalonde-McNicoll in neutral zone.
0:04 of 3rd period - Cédric Lalonde-McNicoll is hit by Jay Pandolfo and loses puck.
0:13 of 3rd period - Penalty to Erik Johnson is over, Erik Johnson is back on ice.
0:30 of 3rd period - Wrist shot by Rico Fata.
0:30 of 3rd period - Stopped by Josh Harding with a rebound.
0:36 of 3rd period - Slapshot by Jozef Balej.
0:36 of 3rd period - Shot Blocked by William Colbert.
1:39 of 3rd period - Minor Penalty to Brian Boyle for Hooking.
1:40 of 3rd period - Cédric Lalonde-McNicoll wins face-off versus Stephane Veilleux in Inferno zone.
1:53 of 3rd period - Stephane Veilleux is hit by Cédric Lalonde-McNicoll and loses puck.
2:20 of 3rd period - Slapshot by Nick Schultz.
2:20 of 3rd period - Goal by Nick Schultz - Inferno : 2 - National : 4.
2:21 of 3rd period - Cédric Lalonde-McNicoll wins face-off versus Mikhail Grabovski in neutral zone.
2:24 of 3rd period - Slapshot by Jonathan Cheechoo.
2:24 of 3rd period - Stopped by Josh Harding with a rebound.
2:47 of 3rd period - Dustin Kohn is hit by Erik Johnson.
2:55 of 3rd period - Slapshot by Nick Schultz.
2:55 of 3rd period - Stopped by Josh Harding with a rebound.
2:57 of 3rd period - Snap shot by Nick Schultz.
2:57 of 3rd period - Shot Blocked by Matt Carkner.
3:20 of 3rd period - Minor Penalty to William Colbert for High sticking.
3:21 of 3rd period - Pasi Salonen wins face-off versus Mikhail Grabovski in National zone.
3:32 of 3rd period - Snap shot by Mikhail Grabovski.
3:32 of 3rd period - Stopped by Steve Shields without a rebound.
3:33 of 3rd period - Mikhail Grabovski wins face-off versus Pasi Salonen in National zone.
3:34 of 3rd period - Snap shot by Brad Marchand.
3:34 of 3rd period - Goal by Brad Marchand - Inferno : 3 - National : 4.
3:35 of 3rd period - Mikhail Grabovski wins face-off versus Cédric Lalonde-McNicoll in neutral zone.
3:37 of 3rd period - Off-side.
3:38 of 3rd period - Mikhail Grabovski wins face-off versus Cédric Lalonde-McNicoll in neutral zone.
3:44 of 3rd period - Off-side.
3:45 of 3rd period - Cédric Lalonde-McNicoll wins face-off versus Mikhail Grabovski in neutral zone.
4:50 of 3rd period - Slapshot by Jonathan Cheechoo.
4:50 of 3rd period - Shot Misses the Net.
4:52 of 3rd period - Slapshot by Jonathan Cheechoo.
4:52 of 3rd period - Stopped by Josh Harding with a rebound.
5:12 of 3rd period - Wrist shot by Branko Radivojevic.
5:12 of 3rd period - Deflect By Jay Pandolfo.
5:12 of 3rd period - Stopped by Steve Shields with a rebound.
5:26 of 3rd period - Wrist shot by Jonathan Cheechoo.
5:26 of 3rd period - Stopped by Josh Harding with a rebound.
5:28 of 3rd period - Snap shot by Cédric Lalonde-McNicoll.
5:28 of 3rd period - Goal by Cédric Lalonde-McNicoll - Inferno : 3 - National : 5.
5:29 of 3rd period - Ben Maxwell wins face-off versus Brian Boyle in neutral zone.
6:12 of 3rd period - Off-side.
6:13 of 3rd period - Vladimir Sobotka wins face-off versus Ben Maxwell in neutral zone.
6:21 of 3rd period - Minor Penalty to Guillaume Desbiens for Cross-checking.
6:22 of 3rd period - Jonathan Ferland wins face-off versus Pasi Salonen in National zone.
6:25 of 3rd period - Wrist shot by Jonathan Ferland.
6:25 of 3rd period - Deflect By Petri Kontiola.
6:25 of 3rd period - Shot Misses the Net.
6:25 of 3rd period - Puck is out of play.
6:26 of 3rd period - Pasi Salonen wins face-off versus Petri Kontiola in National zone.
6:38 of 3rd period - Matt Carkner is hit by Pasi Salonen and loses puck.
8:21 of 3rd period - Penalty to Guillaume Desbiens is over, Guillaume Desbiens is back on ice.
9:59 of 3rd period - Erik Johnson is hit by Igor Makarov and loses puck.
10:16 of 3rd period - Rico Fata is hit by Brendan Mikkelson and loses puck.
10:27 of 3rd period - Ben Maxwell is hit by Brendan Mikkelson and loses puck.
10:49 of 3rd period - Dustin Kohn is hit by Erik Johnson and loses puck.
12:00 of 3rd period - Branko Radivojevic is hit by Rico Fata and loses puck.
12:07 of 3rd period - Rico Fata is hit by Mikhail Grabovski.
12:35 of 3rd period - Daniel Rahimi is hit by Brad Marchand and loses puck.
12:48 of 3rd period - Slapshot by Brendan Smith.
12:48 of 3rd period - Shot Misses the Net.
12:50 of 3rd period - Snap shot by Pierre-Luc Létourneau.
12:50 of 3rd period - Stopped by Steve Shields with a rebound.
12:52 of 3rd period - Snap shot by Vladimir Sobotka.
12:52 of 3rd period - Inferno goal is going for a video replay.
12:52 of 3rd period - The goal is refused. The puck has been directed, batted or thrown into the net by an attacking player other than with a stick..
12:53 of 3rd period - Vladimir Sobotka wins face-off versus Peter Leblanc in National zone.
14:37 of 3rd period - Ben Maxwell is hit by Brett Carson and loses puck.
14:56 of 3rd period - Wrist shot by Brian Boyle.
14:56 of 3rd period - Shot Misses the Net.
15:08 of 3rd period - Slapshot by Brett Carson.
15:08 of 3rd period - Shot Blocked by Jonathan Cheechoo.
15:10 of 3rd period - Wrist shot by Brad Marchand.
15:10 of 3rd period - Stopped by Steve Shields with a rebound.
15:12 of 3rd period - Wrist shot by Brad Marchand.
15:12 of 3rd period - Stopped by Steve Shields with a rebound.
15:14 of 3rd period - Slapshot by Petri Kontiola.
15:14 of 3rd period - Stopped by Steve Shields without a rebound.
15:15 of 3rd period - Ben Maxwell wins face-off versus Petri Kontiola in National zone.
15:15 of 3rd period - Ben Maxwell is hit by Matt Carkner.
15:16 of 3rd period - Minor Penalty to Brad Marchand for Hooking.
15:17 of 3rd period - Brian Boyle wins face-off versus Cédric Lalonde-McNicoll in Inferno zone.
15:22 of 3rd period - Jonathan Cheechoo is hit by Matt Carkner and loses puck.
15:27 of 3rd period - Slapshot by Jay Pandolfo.
15:27 of 3rd period - Deflect By Brian Boyle.
15:27 of 3rd period - Shot Misses the Net.
15:27 of 3rd period - Puck is out of play.
15:28 of 3rd period - Brian Boyle wins face-off versus Cédric Lalonde-McNicoll in National zone.
15:53 of 3rd period - William Colbert is hit by Matt Carkner and loses puck.
16:00 of 3rd period - Wrist shot by Jonathan Ferland.
16:00 of 3rd period - Stopped by Steve Shields without a rebound.
16:01 of 3rd period - Cédric Lalonde-McNicoll wins face-off versus Brian Boyle in National zone.
16:10 of 3rd period - Snap shot by Jonathan Cheechoo.
16:10 of 3rd period - Deflect By Cédric Lalonde-McNicoll.
16:10 of 3rd period - Stopped by Josh Harding without a rebound.
16:11 of 3rd period - Brian Boyle wins face-off versus Cédric Lalonde-McNicoll in Inferno zone.
16:44 of 3rd period - Icing by Cédric Lalonde-McNicoll.
16:45 of 3rd period - Brian Boyle wins face-off versus Cédric Lalonde-McNicoll in National zone.
17:03 of 3rd period - Brett Carson is hit by Mathieu Carle and loses puck.
17:16 of 3rd period - Penalty to Brad Marchand is over, Brad Marchand is back on ice.
17:18 of 3rd period - Snap shot by Brian Boyle.
17:18 of 3rd period - Stopped by Steve Shields with a rebound.
17:24 of 3rd period - Wrist shot by Pasi Salonen.
17:24 of 3rd period - Shot Blocked by Brian Boyle.
17:44 of 3rd period - Jonathan Cheechoo is hit by Brian Boyle and loses puck.
17:55 of 3rd period - Snap shot by Pasi Salonen.
17:55 of 3rd period - Stopped by Josh Harding without a rebound.
17:56 of 3rd period - Vladimir Sobotka wins face-off versus Philip DeSimone in Inferno zone.
18:11 of 3rd period - Snap shot by Vladimir Sobotka.
18:11 of 3rd period - Deflect By Pierre-Luc Létourneau.
18:11 of 3rd period - Shot Misses the Net.
18:11 of 3rd period - Puck is out of play.
18:12 of 3rd period - Ben Maxwell wins face-off versus Mikhail Grabovski in National zone.
18:26 of 3rd period - Wrist shot by Jonathan Ferland.
18:26 of 3rd period - Shot Blocked by William Colbert.
18:28 of 3rd period - Slapshot by Erik Johnson.
18:28 of 3rd period - Shot Blocked by Nick Schultz.
18:44 of 3rd period - Wrist shot by Igor Makarov.
18:44 of 3rd period - Shot Blocked by Brad Marchand.
18:52 of 3rd period - Slapshot by Brad Marchand.
18:52 of 3rd period - Goal by Brad Marchand - Inferno : 4 - National : 5.
18:53 of 3rd period - Mikhail Grabovski wins face-off versus Cédric Lalonde-McNicoll in neutral zone.
19:00 of 3rd period - Inferno, Josh Harding is pulled from the net.
19:13 of 3rd period - Wrist shot by Branko Radivojevic.
19:13 of 3rd period - Shot Blocked by William Colbert.
19:15 of 3rd period - Snap shot by Matt Carkner.
19:15 of 3rd period - Shot Misses the Net.
19:17 of 3rd period - Snap shot by Matt Carkner.
19:17 of 3rd period - Stopped by Steve Shields with a rebound.
19:23 of 3rd period - Wrist shot by Mikhail Grabovski.
19:23 of 3rd period - Shot Blocked by Jonathan Cheechoo.
19:25 of 3rd period - Snap shot by Erik Johnson.
19:25 of 3rd period - Shot Misses the Net.
19:27 of 3rd period - Wrist shot by Mikhail Grabovski.
19:27 of 3rd period - Stopped by Steve Shields with a rebound.
19:29 of 3rd period - Wrist shot by Mikhail Grabovski.
19:29 of 3rd period - Shot Misses the Net.
19:31 of 3rd period - Snap shot by Mikhail Grabovski.
19:31 of 3rd period - Shot Misses the Net.
19:33 of 3rd period - Wrist shot by Mikhail Grabovski.
19:33 of 3rd period - Shot Blocked by Cédric Lalonde-McNicoll.
19:41 of 3rd period - Backhand shot by Matt Carkner.
19:41 of 3rd period - Stopped by Steve Shields with a rebound.
19:43 of 3rd period - Wrist shot by Jay Pandolfo.
19:43 of 3rd period - Stopped by Steve Shields with a rebound.
19:45 of 3rd period - Snap shot by Erik Johnson.
19:45 of 3rd period - Shot Blocked by William Colbert.
19:47 of 3rd period - Wrist shot by Matt Carkner.
19:47 of 3rd period - Shot Misses the Net.
19:49 of 3rd period - Slapshot by Matt Carkner.
19:49 of 3rd period - Goal by Matt Carkner - Inferno : 5 - National : 5.
19:49 of 3rd period - Josh Harding from Inferno was sent back in the game.
19:50 of 3rd period - Igor Makarov wins face-off versus Petri Kontiola in neutral zone.
Overtime #1
0:01 of 1st overtime period - Pasi Salonen wins face-off versus Branko Radivojevic in neutral zone.
0:13 of 1st overtime period - Slapshot by Erik Johnson.
0:13 of 1st overtime period - Shot Misses the Net.
0:15 of 1st overtime period - Snap shot by Branko Radivojevic.
0:15 of 1st overtime period - Deflect By Rico Fata.
0:15 of 1st overtime period - Shot Misses the Net.
0:15 of 1st overtime period - Puck is out of play.
0:16 of 1st overtime period - Pasi Salonen wins face-off versus Mikhail Grabovski in National zone.
0:55 of 1st overtime period - Erik Johnson is hit by William Colbert and loses puck.
1:02 of 1st overtime period - Backhand shot by Nick Schultz.
1:02 of 1st overtime period - Deflect By Erik Johnson.
1:02 of 1st overtime period - Stopped by Josh Harding with a rebound.
1:04 of 1st overtime period - Wrist shot by Philip DeSimone.
1:04 of 1st overtime period - Shot Blocked by Erik Johnson.
1:27 of 1st overtime period - Slapshot by Dustin Kohn.
1:27 of 1st overtime period - Shot Misses the Net.
1:33 of 1st overtime period - Snap shot by Guillaume Desbiens.
1:33 of 1st overtime period - Shot Misses the Net.
1:54 of 1st overtime period - Igor Makarov is hit by Matt Carkner and loses puck.
3:29 of 1st overtime period - Brad Marchand is hit by Maksim Mayorov and loses puck.
3:41 of 1st overtime period - Icing by Brendan Smith.
3:42 of 1st overtime period - Maksim Mayorov wins face-off versus Jay Pandolfo in Inferno zone.
4:34 of 1st overtime period - Icing by Jonathan Cheechoo.
4:35 of 1st overtime period - Mikhail Grabovski wins face-off versus Jonathan Cheechoo in National zone.
4:56 of 1st overtime period - Wrist shot by Brian Boyle.
4:56 of 1st overtime period - Stopped by Steve Shields with a rebound.
4:58 of 1st overtime period - Slapshot by Matt Carkner.
4:58 of 1st overtime period - Goal by Matt Carkner - Inferno : 6 - National : 5.
Output by the SimonT Hockey Simulator (STHS) for François Prévost -- Original Page W3C XHTML 1.0 Valid